 Dungeon Crawl Stone Soup version 0.31-a0-818-ge7c7cf74f0 (webtiles) character file.

Game seed: 15197122140216410267

18 Kurtz the Chopper (level 2, -2/21 HPs)
             Began as an Octopode Fighter on Sept 22, 2023.
             Slain by a gnoll
             ... wielding a +0 spear
              (5 damage)
             ... on level 1 of the Dungeon.
             The game lasted 00:00:20 (306 turns).

Kurtz the Chopper (Octopode Fighter)                 Turns: 306, Time: 00:00:20

Health: -2/21      AC:  1    Str: 15    XL:     2   Next: 70%
Magic:  2/2        EV: 13    Int: 10    God:
Gold:   29         SH:  4    Dex: 11    Spells: 1/1 levels left

rFire   . . .        a - +0 war axe
rCold   . . .        b - +0 buckler
rNeg    . . .        (helmet restricted)
rPois   .            (no amulet)
rElec   .            (no ring)
rCorr   .            (no ring)
SInv    .            (no ring)
Will    .....        (no ring)
Stlth   ++           (no ring)
HPRegen 0.23/turn    (no ring)
MPRegen 0.08/turn    (no ring)
                     (no ring)

%: no passive effects
@: mighty
A: almost no armour, amphibious, 8 rings, camouflage 1, gelatinous body 1,
(nimble swimmer 1), tentacles
a: no special abilities


You were on level 1 of the Dungeon.
You visited 1 branch of the dungeon, and saw 1 of its levels.

You collected 29 gold pieces.

Inventory:

Hand Weapons
 a - a +0 war axe (weapon)
Armour
 b - a +0 buckler (worn)
Scrolls
 d - a scroll of revelation {unknown}
 e - a scroll of amnesia {unknown}
 f - a scroll of brand weapon {unknown}


   Skills:
 - Level 3.0 Fighting
 * Level 3.2 Axes
 - Level 3.0 Dodging
 - Level 3.0 Shields


You had one spell level left.
You didn't know any spells.
Your spell library was empty.

Dungeon Overview and Level Annotations

Branches:
Dungeon (1/15)

Altars:


Innate Abilities, Weirdness & Mutations

You cannot wear most types of armour.
You are amphibious.
You can wear up to eight rings at the same time.
Your skin changes colour to match your surroundings (Stealth+).
Your rubbery body absorbs attacks. (AC +1, EV +1)
((You are camouflaged when in or above water. (Stealth+)))
You have tentacles for arms and can constrict up to eight enemies at once.


Message History

There are monsters nearby!
You are too injured to fight recklessly!
Unknown command.
You are too injured to fight recklessly!
The jackal attacks as it pursues you! You block the jackal's attack.
The jackal closely misses you. You block the jackal's attack.
The jackal misses you.
Found a club.
The jackal attacks as it pursues you! The jackal closely misses you.
The jackal bites you. The jackal attacks as it pursues you!
The jackal barely misses you. The jackal bites you. x2
The jackal barely misses you.
You are too injured to fight recklessly!
You closely miss the jackal. You grab the jackal. You constrict the jackal.
The jackal misses you.
The jackal bites you but does no damage.
You are too injured to fight recklessly!
You hit the jackal.
You kill the jackal!
The jackal bites you but does no damage.
You are too injured to fight recklessly!
You are too injured to fight recklessly!
You slash the jackal!
You kill the jackal!
The gnoll hits you from afar with a +0 spear.
* * * LOW HITPOINT WARNING * * *
The jackal barely misses you.
You are too injured to fight recklessly!
You are too injured to fight recklessly!
You feel very mighty all of a sudden. The jackal closely misses you.
The gnoll hits you from afar with a +0 spear.
* * * LOW HITPOINT WARNING * * *
You slice the jackal!!
You kill the jackal!
The gnoll closely misses you. The gnoll hits you with a +0 spear.
You die...

#########.#.###.#.#
..........#.#...... ####
..........#.#####.# #..)
..........#.......# #...#
##########.######..# +...#
##...............#..# #...#
#.......###.####.#..#
#####...#####..####.#.#....#.#..#
..............gg@...........>#..#
......##.#.....####.............#
..%...##.#..#.## #..........)..#
....g..hh#..#.# #...........###
.....#g.##..#.# #..............
.....##.##..#.# ########.#.####
.....##..#..#.############.#.#
..†..###.................#.#.#
............####.#######.#.#.#


You could see a gnoll and a goblin.

Vanquished Creatures
  2 ball pythons (D:1)
  A giant cockroach (D:1)
  2 goblins (D:1)
  3 hobgoblins (D:1)
  4 jackals (D:1)
  A bat (D:1)
  A kobold (D:1)
  2 rats (D:1)
16 creatures vanquished.

Notes
Turn   | Place    | Note
-------+----------+-------------------------------------------
     0 | D:1      | Kurtz the Octopode Fighter began the quest for the Orb.
     0 | D:1      | Reached XP level 1. HP: 16/16 MP: 1/1
    87 | D:1      | Reached XP level 2. HP: 20/21 MP: 2/2
   306 | D:1      | Slain by a gnoll

Illustrated notes

Levels and vault maps discovered:
D:1:      wheals_arrival_shading, layout_basic

Skill      XL: |  1  2 |
---------------+-------+-----
Axes           | 3 |  3.2
Fighting       | |  3.0
Dodging        | |  3.0
Shields        | |  3.0

Action                     || total
---------------------------++-------
  Melee: War axe           ||    20
         Tentacles         ||     3
         Constrict         ||     4
    Use: Potion            ||     1
   Stab: Sleeping          ||     1
 Armour: Skin              ||    18
  Dodge: Dodged            ||    21
  Block: Buckler           ||     7

Table legend: (Time is in decaauts)
 A = Elapsed time spent in this place.
 B = Non-inter-level travel time spent in this place.
 C = Inter-level travel time spent in this place.
 D = Time resting spent in this place.
 E = Time spent auto-exploring this place.
 F = Levels seen in this place.
 G = Mean time per level.
                   A        B        C        D        E       F      G
               +--------+--------+--------+--------+--------+-----+--------+
         Total |    313 |    313 |      0 |      0 |    234 |   1 |  313.0 |
       Dungeon |    313 |    313 |      0 |      0 |    234 |   1 |  313.0 |
               +--------+--------+--------+--------+--------+-----+--------+

Top non-repeatable levels by time:
     D:1: 313 daAuts
